 Dungeon Crawl Stone Soup version 0.26.1-11-gd32895ea62 (webtiles) character file.

Game seed: 11682144265972750226

8205 woolyfrog the Basher (level 11, -5/90 HPs)
             Began as a Gargoyle Fighter on Apr 29, 2021.
             Was a Believer of the Shining One.
             Slain by a yak (8 damage)
             ... on level 2 of the Lair of Beasts.
             The game lasted 00:38:37 (10562 turns).

woolyfrog the Basher (Gargoyle Fighter)            Turns: 10562, Time: 00:38:37

Health: -5/90      AC: 25    Str: 24    XL:     11   Next: 27%
Magic:  11/11      EV:  2    Int:  8    God:    the Shining One [**....]
Gold:   610        SH: 12    Dex:  9    Spells: 10/10 levels left

rFire    . . .     SeeInvis .   a - +5 flail (venom)
rCold    + . .     Faith    +   c - +0 kite shield
rNeg     + + +     Spirit   .   (armour currently unavailable)
rPois    ∞         Reflect  .   (helmet currently unavailable)
rElec    .         Harm     .   (cloak currently unavailable)
rCorr    .         Rampage  .   (gloves currently unavailable)
Will     .....     NoTele   +   (boots currently unavailable)
Stlth    +.........             j - amulet of faith
HPRegen  0.25/turn              k - ring of protection from cold
MPRegen  0.12/turn              (no ring)

@: tree-form, glowing, studying Shields
A: negative energy resistance 1, petrification resistance, miasma immunity, AC
+8
a: Renounce Religion, Divine Shield


You were on level 2 of the Lair of Beasts.
You worshipped the Shining One.
The Shining One was pleased with you.
You were a tree.
You visited 3 branches of the dungeon, and saw 11 of its levels.

You collected 610 gold pieces.

Inventory:

Hand Weapons
 a - a +5 flail of venom (weapon)
 b - a +0 hand crossbow of freezing
Missiles
 v - 98 bolts
Armour
 c - a +0 kite shield (worn)
 h - a +0 helmet (melded)
 i - a +0 cloak (melded)
 p - a +1 plate armour (melded)
 u - a +0 pair of gloves (melded)
 w - a +1 pair of boots (melded)
 y - a +2 scale mail of fire resistance
 z - a +0 chain mail of poison resistance
Jewellery
 j - an amulet of faith (around neck)
 k - a ring of protection from cold (left branch)
Wands
 g - a wand of paralysis (8)
 o - a wand of enslavement (3)
Scrolls
 f - 3 scrolls of magic mapping
 m - 4 scrolls of remove curse
 n - 5 scrolls of teleportation
 x - a scroll of fog
 C - 5 scrolls of identify
Potions
 d - 3 potions of might
 l - 3 potions of attraction
 q - 2 potions of brilliance
 r - a potion of lignification
 s - 2 potions of flight
 A - 2 potions of haste
 D - 2 potions of curing {unknown}
Books
 e - a manual of Shields
Miscellaneous
 t - a phantom mirror


   Skills:
 - Level 3.2 Fighting
 - Level 14.1 Maces & Flails
 - Level 6.4 Armour
 * Level 11.0 Shields


You had 10 spell levels left.
You didn't know any spells.
Your spell library contained the following spells:

 Spells                   Type           Power        Failure   Level
 Animate Skeleton         Necr           0%           58%         1
 Apportation              Tloc           0%           58%         1
 Corona                   Hex            0%           58%         1
 Summon Small Mammal      Summ           0%           58%         1


Dungeon Overview and Level Annotations

Branches:
Dungeon (8/15)             Temple (1/1) D:5            Lair (2/6) D:8
 Shoals (0/4) Lair:2
  Snake: Lair:2-4    Spider: Lair:2-4

Altars:
Cheibriados
Dithmenos
Elyvilon
Fedhas
Gozag
Hepliaklqana
Kikubaaqudgha
Nemelex Xobeh
Qazlal
Ru
Trog
Uskayaw
Vehumet
Wu Jian
Xom
Yredelemnul
Zin
The Shining One

Shops:
D:7 :

Annotations:
D:4 1 runed translucent door
Lair:2 exclusion: oklob plant


Innate Abilities, Weirdness & Mutations

You are resistant to torment.
((Your stone body is resilient. (AC +8)))
You are immune to poison.
You resist negative energy. (rN+)
((You are resistant to electric shocks. (rElec)))
((You can survive without breathing.))
You are immune to petrification.
You are immune to miasma.


Message History

Really quaff the potion of lignification?
Uppercase [Y]es or [N]o only, please.
Really quaff the potion of lignification?
You turn into a tree.
Your +0 cloak melds into your body.
Your +0 helmet melds into your body.
Your +0 pair of gloves melds into your body.
Your +1 pair of boots melds into your body.
Your +1 plate armour melds into your body.
Your roots penetrate the ground.
You block the yak's attack. x2
The yak barely misses you.
You completely miss the yak.
The yak is heavily wounded.
A bullfrog comes into view.
You block the yak's attack. The yak gores you.
* * * LOW HITPOINT WARNING * * *
The bullfrog croaks.
You hit the yak.
The yak looks as sick as possible!
The yak is severely wounded.
The yak gores you but does no damage. The yak gores you!
You die...

##...#..###..#.#..#....#...#
#.#..)......#...........##
..................#......##
.####.........P...'..†⌠...##
.#####........Y...#†.......##
..#..≈#......Y.#######......#
.#....≈≈≈.......# /###..[⌠..#
......≈≈≈≈≈≈.#.###............#
.##.≈≈≈≈≈≈≈≈≈.YY♣'............#
..≈≈≈≈≈≈≈≈≈≈≈..YY#...⌠..⌠.<.⌠.+
....≈≈≈..≈≈≈≈.#..+............#
....≈≈≈.<.≈≈≈.##.#............#
.##≈≈≈≈≈.≈≈≈≈.#..#####....⌠..##
###.≈≈≈≈≈≈≈≈≈≈≈#.. .
#..≈≈≈≈≈≈≈≈..#≈.F#
##..≈≈≈≈≈≈...##P.. ###
#.#.≈...≈.# .##..


You could see 4 yaks and a bullfrog.

Vanquished Creatures
  3 cane toads
  A rime drake (Lair:1)
  4 komodo dragons
  A polar bear (Lair:2)
  Grinder (D:5)
  3 blink frogs (Lair:2)
  Eustachio (D:5)
  8 yaks (Lair:2)
  A wyvern (Lair:2)
  Edmund (D:5)
  6 water moccasins
  3 orc warriors
  An ice beast (Temple)
  2 phantoms
  6 ogres
  3 centaurs
  Blork the orc (D:6)
  4 bullfrogs
  3 scorpions
  3 wights (D:7)
  A howler monkey (D:4)
  2 jellies
  4 hounds
  A bullfrog skeleton (D:6)
  A gnoll shaman (D:5)
  3 orc priests
  4 orc wizards
  4 worker ants
  Ijyb (D:4)
  2 iguanas
  11 gnolls
  3 adders
  4 shadow imps
  2 ufetubi
  An ooze (D:1)
  2 adder skeletons
  3 worms
  A dart slug (D:1)
  8 leopard geckos
  44 orcs
  3 giant cockroaches
  3 goblins
  10 hobgoblins
  7 jackals
  2 quokkas
  7 bats
  4 frilled lizards
  5 kobolds
  A leopard gecko skeleton (D:6)
  A leopard gecko zombie (D:7)
  A quokka skeleton (D:3)
  12 rats
214 creatures vanquished.

Vanquished Creatures (others)
  6 fungi
  16 plants
22 creatures vanquished.

Grand Total: 236 creatures vanquished

Notes
Turn   | Place    | Note
-------+----------+-------------------------------------------
     0 | D:1      | woolyfrog the Gargoyle Fighter began the quest for the Orb.
     0 | D:1      | Reached XP level 1. HP: 14/14 MP: 1/1
   118 | D:1      | Reached XP level 2. HP: 17/19 MP: 2/2
   269 | D:1      | Reached skill level 3 in Maces & Flails
   904 | D:1      | Reached XP level 3. HP: 23/23 MP: 3/3
  1417 | D:2      | Reached skill level 4 in Maces & Flails
  1420 | D:2      | Reached XP level 4. HP: 18/28 MP: 4/4
  1941 | D:3      | Reached skill level 5 in Maces & Flails
  1941 | D:3      | Reached XP level 5. HP: 27/32 MP: 5/5
  2797 | D:4      | Noticed an ogre
  2828 | D:3      | Killed an ogre
  2829 | D:3      | Reached skill level 6 in Maces & Flails
  2829 | D:3      | Reached XP level 6. HP: 4/37 MP: 6/6
  3547 | D:4      | Noticed Ijyb
  3547 | D:4      | Noticed a phantom
  3577 | D:4      | Killed Ijyb
  3578 | D:4      | Reached skill level 7 in Maces & Flails
  3628 | D:4      | Killed a phantom
  3629 | D:4      | Reached XP level 7. HP: 41/41 MP: 7/7
  3685 | D:4      | Found a white marble altar of Elyvilon.
  3686 | D:4      | Found a runed translucent door.
  3686 | D:4      | Noticed an angel
  4354 | D:5      | Entered Level 5 of the Dungeon
  4448 | D:5      | Reached skill level 8 in Maces & Flails
  4534 | D:5      | Found a staircase to the Ecumenical Temple.
  4540 | Temple   | Entered the Ecumenical Temple
  4699 | Temple   | Became a worshipper of the Shining One
  4722 | D:5      | Noticed Edmund
  4746 | D:5      | Killed Edmund
  4895 | Temple   | Reached skill level 9 in Maces & Flails
  4895 | Temple   | Reached XP level 8. HP: 27/46 MP: 8/8
  4977 | D:5      | Noticed Eustachio
  4987 | D:5      | Noticed Grinder
  5352 | Temple   | Reached skill level 10 in Maces & Flails
  5385 | D:5      | Killed Eustachio
  5393 | D:5      | Paralysed by Grinder for 5 turns
  5400 | D:5      | Killed Grinder
  5401 | D:5      | Reached skill level 11 in Maces & Flails
  5411 | D:5      | Reached XP level 9. HP: 36/51 MP: 9/9
  5550 | D:5      | Found an opulent altar of Gozag.
  5550 | D:5      | Found a bloodstained altar of Trog.
  5750 | D:5      | Reached * piety under the Shining One
  6163 | D:6      | Noticed Blork the orc
  6180 | D:6      | Killed Blork the orc
  6959 | D:7      | Found Waegig's Book Boutique.
  6965 | D:7      | Reached skill level 12 in Maces & Flails
  7290 | D:7      | Reached ** piety under the Shining One
  7441 | D:7      | Found an opulent altar of Gozag.
  7641 | D:7      | Reached skill level 13 in Maces & Flails
  8154 | D:8      | Found a staircase to the Lair.
  8291 | D:8      | Reached XP level 10. HP: 54/56 MP: 10/10
  8580 | Lair:1   | Entered Level 1 of the Lair of Beasts
  8874 | Lair:1   | Got a spiked leather armour
  8885 | Lair:1   | Identified the +3 leather armour of Subjectivity {Will+
                  | Dex+4} (You found it on level 1 of the Lair of Beasts)
  8968 | Lair:1   | Noticed a cane toad
  8975 | Lair:1   | Killed a cane toad
  8976 | Lair:1   | Reached skill level 14 in Maces & Flails
  9099 | Lair:1   | Noticed a cane toad
  9105 | Lair:1   | Killed a cane toad
  9259 | Lair:1   | Reached skill level 5 in Armour
 10044 | Lair:2   | Reached skill level 5 in Shields
 10077 | Lair:2   | Identified a scroll of acquirement
 10077 | Lair:2   | Acquired a manual of Shields
 10082 | Lair:2   | Found a staircase to the Shoals.
 10163 | Lair:2   | Noticed an oklob plant
 10317 | Lair:2   | Reached XP level 11. HP: 60/60 MP: 11/11
 10531 | Lair:2   | Reached skill level 10 in Shields
 10559 | Lair:2   | HP: 3/60 [yak (6)]
 10562 | Lair:2   | Slain by a yak

Illustrated notes

Levels and vault maps discovered:
D:1:      matt_arrival_spirals, layout_loops_corners
D:2:      layout_basic
D:3:      layout_rooms, serial_rivers, chequers_serial_rivers_micro_b,
          chequers_serial_rivers_small_3, chequers_serial_rivers_small_a,
          chequers_serial_rivers_micro_b, chequers_serial_rivers_micro_c,
          chequers_serial_rivers_small_3
D:4:      minmay_inner_zag, layout_basic, lemuel_angel_altar, uniq_ijyb
D:5:      layout_basic, amethyst_overflow_temple_binary, temple_doors_e,
          uniq_grinder, uniq_eustachio, uniq_edmund
D:6:      layout_basic, uniq_blork_the_orc
D:7:      layout_loops_ring, serial_shops, shop,
          nicolae_gozag_cash_rules_everything_around_me
D:8:      wander_kiku_kobolds, layout_loops_cross, corexii_leaking_fountain,
          kennysheep_generic_room_16
Temple:   lightli_temple_of_artemis
Lair:1:   layout_loops_ring, wad_woods_road_02
Lair:2:   layout_loops_ring, shoals_dummy_entry, grunt_megastairs_3,
          lemuel_fruit_fields, infiniplex_staircase_pool_2,
          minmay_lair_oklob_chamber

Skill      XL: |  1  2  3  4  5  6  7  8  9 10 11 |
---------------+----------------------------------+-----
Maces & Flails | 3 4 5 6 7 9 11 13 14 | 14.1
Armour         | 6 |  6.4
Shields        | 7 11 | 11.0
Fighting       | |  3.2

Action                   |  1- 3 |  4- 6 |  7- 9 | 10-12 || total
-------------------------+-------+-------+-------+-------++-------
Melee: Flail             |   125 |   117 |   232 |   212 ||   686
       Whip              |       |   161 |   123 |       ||   284
 Fire: Hand crossbow     |       |       |       |     1 ||     1
  Use: Scroll            |     2 |     7 |     3 |     5 ||    17
       Potion            |       |     2 |       |     2 ||     4
Armor: Scale mail        |    79 |       |       |       ||    79
       Plate armour      |    14 |   132 |   183 |    69 ||   398
       Skin              |       |     2 |       |     1 ||     3
Dodge: Dodged            |    48 |    36 |    39 |    13 ||   136
Block: Kite shield       |    78 |   114 |   120 |    48 ||   360
